 Dungeon Crawl Stone Soup version 0.24.0-123-gd5b16e6ec5 (webtiles) character file.

Game seed: 12743242461442408808, levelgen mode: deterministic

4300 mortelune the Destroyer (level 10, -5/53 HPs)
             Began as a Gargoyle Fire Elementalist on Jan 3, 2020.
             Was a Believer of Vehumet.
             Slain by a two-headed ogre
             ... wielding a +0 giant club
              (12 damage)
             ... on level 8 of the Dungeon.
             The game lasted 00:22:06 (11255 turns).

mortelune the Destroyer (GrFE)                     Turns: 11255, Time: 00:22:06

Health: -5/53      AC: 12    Str: 11    XL:     10   Next: 32%
Magic:  9/19       EV: 12    Int: 20    God:    Vehumet [**....]
Gold:   115        SH:  0    Dex: 10    Spells: 4/21 levels left

rFire    . . .     SeeInvis +   v - +4 flail (protect)
rCold    . . .     Gourm    .   (no shield)
rNeg     + . .     Faith    .   a - +0 robe
rPois    ∞         Spirit   .   s - +0 helmet {SInv}
rElec    +         Reflect  .   w - +0 cloak
rCorr    .         Harm     .   (no gloves)
MR       .....                  o - +0 pair of boots
Stlth    ++........             (no amulet)
HPRegen  0.17/turn              (no ring)
MPRegen  0.16/turn              (no ring)

@: no status effects
A: negative energy resistance 1, electricity resistance, unbreathing,
petrification resistance, rot immunity, AC +7
a: Renounce Religion


You were on level 8 of the Dungeon.
You worshipped Vehumet.
Vehumet was pleased with you.
You were not hungry.

You visited 2 branches of the dungeon, and saw 9 of its levels.

You collected 492 gold pieces.
You spent 377 gold pieces at shops.

Inventory:

Hand Weapons
 v - a +4 flail of protection (weapon)
Armour
 a - a +0 robe (worn)
 o - a +0 pair of boots (worn)
 s - a +0 helmet of see invisible (worn)
 w - a +0 cloak (worn)
Jewellery
 C - an uncursed ring of flight {unknown}
Wands
 d - a wand of paralysis (6)
Scrolls
 b - 5 scrolls of identify
 e - a scroll of immolation
 f - 2 scrolls of teleportation
 k - a scroll of enchant weapon
 l - 2 scrolls of fear {unknown}
 n - a scroll of blinking {unknown}
 p - 7 scrolls of fog {unknown}
 r - 3 scrolls of remove curse
 y - a scroll of noise {unknown}
 z - 2 scrolls of enchant armour {unknown}
Potions
 g - 3 potions of haste
 h - 2 potions of curing
 i - 2 potions of heal wounds {unknown}
 j - a potion of cancellation
 m - 3 potions of lignification
 q - a potion of brilliance {unknown}
 t - a potion of flight {unknown}
 u - a potion of berserk rage {unknown}
 x - a potion of invisibility {unknown}
 A - a potion of mutation {unknown}
Comestibles
 c - 9 rations
 B - a chunk of flesh


   Skills:
 * Level 2.0 Fighting
 * Level 1.9 Maces & Flails
 * Level 2.1 Armour
 - Level 1.5 Dodging
 - Level 2.2 Stealth
 - Level 6.0 Spellcasting
 - Level 9.8 Conjurations
 + Level 9.6 Fire Magic


You had 4 spell levels left.
You knew the following spells:

 Your Spells              Type           Power        Failure   Level  Hunger
a - Flame Tongue          Conj/Fire      #####        1%          1    None
b - Throw Flame           Conj/Fire      #####.       1%          2    None
c - Conjure Flame         Conj/Fire      #####...     1%          3    ##.....
d - Sticky Flame          Conj/Fire      #####...     1%          4    ####...
e - Fireball              Conj/Fire      #####.....   5%          5    #####..
z - Blink                 Tloc           N/A          16%         2    None

Your spell library contained the following spells:

 Spells                   Type           Power        Failure   Level  Hunger
 Magic Dart               Conj           ####         1%          1    None
 Inner Flame              Hex/Fire       ####....     4%          3    ##.....
 Mephitic Cloud           Conj/Pois/Air  ###.....     9%          3    ##.....
 Call Imp                 Summ           #.......     16%         2    None
 Slow                     Hex            #.......     16%         2    None


Dungeon Overview and Level Annotations

Branches:
Dungeon (8/15)             Temple (1/1) D:5
   Lair: D:8-11

Altars:
Ashenzari
Dithmenos
Gozag
Hepliaklqana
Kikubaaqudgha
Makhleb
Nemelex Xobeh
Okawaru
Qazlal
Ru
Sif Muna
Trog
Uskayaw
Vehumet
Yredelemnul
Zin
The Shining One

Shops:
D:4 [   D:5 :


Innate Abilities, Weirdness & Mutations

You are resistant to torment.
Your stone body is resilient. (AC +7)
You are immune to poison.
You resist negative energy. (rN+)
You are resistant to electric shocks. (rElec)
You can survive without breathing.
You are immune to petrification.
You are immune to rotting.


Message History

Aiming: Flame Tongue (safe; 1% risk of failure)
Press: ? - help, Shift-Dir - straight line, f/p - two-headed ogre
Aim: a two-headed ogre, wielding two +0 giant clubs (severely wounded)
The flame tongue hits the two-headed ogre.
The two-headed ogre is severely wounded.
The two-headed ogre hits you with a +0 giant club!
The two-headed ogre hits you with a +0 giant club.
Casting: Flame Tongue (safe; 1% risk of failure)
Confirm with . or Enter, or press ? or * to list all spells.
Aiming: Sticky Flame (safe; 1% risk of failure)
Press: ? - help, Shift-Dir - straight line, f/p - two-headed ogre
Aim: a two-headed ogre, wielding two +0 giant clubs (severely wounded)
The sticky flame hits the two-headed ogre.
The two-headed ogre is almost dead.
The two-headed ogre is covered in liquid flames!
The two-headed ogre burns!
The two-headed ogre hits you with a +0 giant club!!
* * * LOW HITPOINT WARNING * * *
The two-headed ogre hits you with a +0 giant club!
You die...

#≈≈≈≈###..8..(....8
#≈≈≈≈≈##...........
#≈≈≈≈≈##..8.......8
##≈≈≈≈≈#......)....
#≈≈≈≈≈#..8..._...8
##≈≈≈≈≈.....###...
########≈≈≈≈≈.##........
########......##≈≈≈≈....##...÷.
.............O@.≈≈≈≈≈....÷.....
########..)...##≈≈≈≈≈######.)..
#....Y.###≈≈≈≈# #.... #......#
#≈≈≈≈# #)... #....z.# #≈≈≈≈#
#<... .............# ≈≈≈≈#
##### ...)...###z#..# ≈≈≈≈#
..(.... #.##.# ≈≈# ....... ..#
.#


You could see a two-headed ogre (burning), a yak and 2 wights.

Vanquished Creatures
  A two-headed ogre (D:8)
  Psyche (D:8)
  Grinder (D:6)
  Sigmund (D:6)
  2 yaks (D:8)
  A hungry ghost (D:6)
  Menkaure (D:4)
  Edmund (D:6)
  2 orc warriors (D:7)
  2 ogres
  3 ice beasts
  A bullfrog (D:6)
  A gnoll sergeant (D:6)
  5 scorpions
  5 wights (D:7)
  2 howler monkeys
  3 crimson imps
  A quasit (D:8)
  2 hounds
  2 jellies (D:6)
  Crazy Yiuf (D:6)
  A centaur skeleton (D:5)
  3 orc priests
  5 orc wizards
  An iguana (D:7)
  Natasha (thrice) (D:4)
  5 worker ants
  2 hound zombies
  6 gnolls
  10 adders
  3 adder skeletons
  2 worms (D:2)
  6 dart slugs
  6 leopard geckos
  31 orcs
  6 giant cockroaches
  5 goblins
  9 hobgoblins
  11 jackals
  7 kobolds
  A quokka (D:6)
  3 ball pythons
  4 bats
  4 frilled lizards
  A leopard gecko skeleton (D:8)
  9 rats
183 creatures vanquished.

Notes
Turn   | Place    | Note
-------+----------+-------------------------------------------
     0 | D:1      | mortelune the Gargoyle Fire Elementalist began the quest
                  | for the Orb.
     0 | D:1      | Reached XP level 1. HP: 10/10 MP: 3/3
    21 | D:1      | Reached XP level 2. HP: 15/15 MP: 1/5
   559 | D:1      | Reached XP level 3. HP: 19/19 MP: 1/6
   563 | D:1      | Learned a level 2 spell: Throw Flame
  1541 | D:1      | Learned a level 3 spell: Conjure Flame
  1691 | D:2      | Found a sacrificial altar of Ru.
  1825 | D:2      | Reached XP level 4. HP: 24/24 MP: 4/7
  2023 | D:2      | Found a faded altar of an unknown god.
  2337 | D:2      | Found a basalt altar of Yredelemnul.
  3171 | D:3      | Reached XP level 5. HP: 28/28 MP: 2/9
  4229 | D:3      | Learned a level 4 spell: Sticky Flame
  4396 | D:4      | Reached XP level 6. HP: 32/32 MP: 7/10
  4681 | D:4      | Found a sparkling altar of Nemelex Xobeh.
  4880 | D:4      | Reached skill level 5 in Fire Magic
  5103 | D:4      | Noticed Natasha
  5106 | D:4      | Killed Natasha
  5250 | D:4      | Found Vuxouh Nuath's Antique Armour Boutique.
  5257 | D:4      | Bought a glowing helmet for 157 gold pieces
  5285 | D:4      | Reached XP level 7. HP: 36/36 MP: 5/12
  5391 | D:4      | Noticed Menkaure
  5392 | D:4      | Noticed Natasha
  5395 | D:4      | Killed Menkaure
  5395 | D:4      | Reached skill level 5 in Conjurations
  5398 | D:4      | Killed Natasha
  5544 | D:4      | Noticed Natasha
  5549 | D:4      | Killed Natasha
  5878 | D:5      | Entered Level 5 of the Dungeon
  5878 | D:5      | Found a shimmering blue altar of Sif Muna.
  6182 | D:5      | Found Tecrodd's Book Emporium.
  6326 | D:5      | Reached XP level 8. HP: 39/41 MP: 5/14
  6432 | D:5      | Learned a level 5 spell: Fireball
  6556 | D:5      | Found a shattered altar of Ashenzari.
  6920 | D:5      | Found a staircase to the Ecumenical Temple.
  6933 | Temple   | Entered the Ecumenical Temple
  7036 | Temple   | Became a worshipper of Vehumet
  7323 | D:6      | Noticed Edmund
  7335 | D:6      | Killed Edmund
  7462 | D:6      | Noticed Grinder
  7551 | D:6      | Found an iron altar of Okawaru.
  7588 | D:6      | Noticed Sigmund
  7596 | D:6      | Killed Sigmund
  7963 | D:6      | Paralysed by Grinder for 2 turns
  8052 | D:6      | Killed Grinder
  8052 | D:6      | Reached XP level 9. HP: 32/45 MP: 4/16
  8156 | D:6      | Reached skill level 5 in Spellcasting
  8805 | D:6      | Found a runed translucent door.
  8806 | D:6      | Noticed Crazy Yiuf
  8815 | D:6      | Killed Crazy Yiuf
  8926 | D:7      | Reached * piety under Vehumet
  8926 | D:7      | Offered knowledge of Sting by Vehumet.
 10188 | D:7      | Found a bloodstained altar of Trog.
 10453 | D:8      | Noticed a two-headed ogre
 10455 | D:8      | Noticed Psyche
 10459 | D:8      | Killed a two-headed ogre
 10459 | D:8      | Reached XP level 10. HP: 40/50 MP: 4/19
 10703 | D:8      | Reached ** piety under Vehumet
 10703 | D:8      | Offered knowledge of Magic Dart by Vehumet.
 10876 | D:5      | Bought a book of Minor Magic for 220 gold pieces
 10879 | D:5      | Learned a level 2 spell: Blink
 11071 | D:8      | Killed Psyche
 11071 | D:8      | Reached skill level 1 in Fighting
 11071 | D:8      | Reached skill level 1 in Maces & Flails
 11071 | D:8      | Reached skill level 1 in Armour
 11196 | D:8      | Found a hide-covered altar of Uskayaw.
 11242 | D:8      | Noticed a two-headed ogre
 11255 | D:8      | Slain by a two-headed ogre

Levels and vault maps discovered:
D:1:      minmay_arrival_four_loops, layout_basic, solitary_fountain
D:2:      layout_loops_ring, nicolae_ru_awakened_eye, yredelemnul_altar_generic,
          chequers_ecumenical_altar_simple, first_ration
D:3:      layout_rooms, minivault_11
D:4:      layout_cave_pods, nemelex_xobeh_ov_fountains_minmay, serial_shops,
          shop, uniq_natasha, uniq_menkaure
D:5:      layout_loops_cross, overflow_temple_1_default,
          nicolae_ashenzari_panopticon, temple_green, serial_shops, shop,
          minivault_19
D:6:      layout_cave_pools, lemuel_crystal_altar, uniq_sigmund, uniq_edmund,
          uniq_crazy_yiuf_cottage, uniq_grinder
D:7:      layout_cave_pools, lightli_temple_of_fire
D:8:      wander_river, layout_rooms, eat_drink_and_be_merry_uskayaw,
          uniq_psyche
Temple:   nicolae_temple_great_sept

Skill      XL: |  1  2  3  4  5  6  7  8  9 10 |
---------------+-------------------------------+-----
Conjurations   | 2 3 4 6 7 9 |  9.8
Fire Magic     | 4 5 6 7 9 |  9.6
Spellcasting   | 3 4 6 |  6.0
Fighting       | 2 |  2.0
Maces & Flails | 1 |  1.9
Armour         | 2 |  2.1
Dodging        | |  1.5
Stealth        | |  2.2

Action                   |  1- 3 |  4- 6 |  7- 9 | 10-12 || total
-------------------------+-------+-------+-------+-------++-------
Melee: Unarmed           |    16 |       |       |       ||    16
       Club              |    16 |       |       |       ||    16
       Mace              |       |    33 |    14 |       ||    47
       Flail             |       |       |    70 |    10 ||    80
 Cast: Flame Tongue      |    28 |    75 |   102 |    17 ||   222
       Throw Flame       |    17 |    53 |   103 |    18 ||   191
       Sticky Flame      |       |       |    11 |     4 ||    15
       Fireball          |       |       |    12 |     2 ||    14
       Conjure Flame     |       |       |     1 |     1 ||     2
  Use: Scroll            |       |     8 |       |       ||     8
  Eat: Chunk             |     4 |     7 |    18 |     2 ||    31
       Ration            |       |     2 |     2 |     1 ||     5
Armor: Robe              |    11 |    31 |    58 |     7 ||   107
Dodge: Dodged            |    39 |    54 |    93 |    12 ||   198
